 Dungeon Crawl Stone Soup version 0.26-a0-649-gf8c6c3aab7 (webtiles) character file.

Game seed: 6459684637520072264

32 Conn the Magician (level 3, -2/21 HPs)
             Began as an Octopode Hedge Wizard on Sept 26, 2020.
             Slain by a hobgoblin
             ... wielding a +0 club
             ... led by Robin
              (7 damage)
             ... on level 1 of the Dungeon.
             The game lasted 00:02:11 (1036 turns).

Conn the Magician (Octopode Hedge Wizard)           Turns: 1036, Time: 00:02:11

Health: -2/21      AC:  1    Str:  9    XL:     3   Next: 27%
Magic:  6/8        EV: 13    Int: 17    God:
Gold:   60         SH:  0    Dex: 11    Spells: 1/9 levels left

rFire    . . .     SeeInvis .   a - +0 dagger
rCold    + . .     Faith    .   (no shield)
rNeg     . . .     Spirit   .   b - +0 hat
rPois    .         Reflect  .   (no amulet)
rElec    .         Harm     .   e - ring of protection from cold
rCorr    .         Rampage  .   (no ring)
MR       .....                  (no ring)
Stlth    +++.......             (no ring)
HPRegen  0.07/turn              (no ring)
MPRegen  0.11/turn              (no ring)
                                (no ring)
                                (no ring)

@: no status effects
A: almost no armour, stealthy swim, amphibious, 8 rings, constrict 8, camouflage
1, gelatinous body 1
a: no special abilities


You were on level 1 of the Dungeon.
You visited 1 branch of the dungeon, and saw 2 of its levels.

You collected 60 gold pieces.

Inventory:

Hand Weapons
 a - a +0 dagger (weapon)
Missiles
 f - 2 throwing nets (quivered)
Armour
 b - a +0 hat (worn)
Jewellery
 e - a ring of protection from cold (left tentacle)
Scrolls
 c - 2 scrolls of remove curse {unknown}
Potions
 d - a potion of lignification {unknown}


   Skills:
 + Level 0.5 Short Blades
 + Level 2.3 Dodging
 + Level 3.3 Stealth
 + Level 3.5 Spellcasting
 + Level 1.0 Conjurations
 + Level 1.0 Summonings
 + Level 1.0 Translocations


You had one spell level left.
You knew the following spells:

 Your Spells              Type           Power        Failure   Level
a - Magic Dart            Conj           #...         11%         1
b - Blink                 Tloc           N/A          17%         2
c - Call Imp              Summ           #.......     17%         2
d - Conjure Flame         Conj/Fire      #.......     36%         3

Your spell library contained the following spells:

 Spells                   Type           Power        Failure   Level
 Slow                     Hex            #.......     26%         2
 Mephitic Cloud           Conj/Pois/Air  #.......     38%         3


Dungeon Overview and Level Annotations

Branches:
Dungeon (2/15)

Altars:

Annotations:
D:2 Robin


Innate Abilities, Weirdness & Mutations

You cannot wear most types of armour.
You are very stealthy in the water. (Stealth+)
You are amphibious.
You can wear up to eight rings at the same time.
You can use your tentacles to constrict eight enemies at once.
Your skin changes colour to match your surroundings (Stealth+).
Your rubbery body absorbs attacks. (AC +1, EV +1)


Message History

The goblin is heavily wounded.
You constrict the goblin. The bat hits you. Robin throws the goblin at you!
The goblin hits you with a +0 dagger. The goblin barely misses you.
You closely miss the goblin. Your grab misses the goblin.
You constrict the goblin, but do no damage.
The bat hits you. The hobgoblin hits you with a +0 club.
The goblin hits you with a +0 dagger. The goblin hits you but does no damage.
Unknown command.
You release your grip on the goblin.
The hobgoblin closely misses you.
Robin roars a battlecry!
The goblins go into a battle-frenzy!
The bat barely misses you. The goblin misses you.
The goblin hits you with a +0 dagger.
* * * LOW HITPOINT WARNING * * *
You climb upwards.
There is a stone staircase leading down here.
Casting: Magic Dart (safe; 11% risk of failure)
Confirm with . or Enter, or press ? or * to list all spells.
You blink.
The hobgoblin hits you with a +0 club!
You die...

..# #.# #...# ..# #.# ###.# ..#
#.#### ### #.# ..# #....####.#
### ..# ####.#....#
..##############.#.#..####
.........................#######
..##############..##...........#
..# #@........####### ###
#.g##..##.# #.g§g.....#
#.###..##.# ###...###.# #####
###


You could see a hobgoblin (strong) and 2 goblins.

Vanquished Creatures
  An ooze (D:1)
  A dart slug (D:1)
  2 leopard geckos (D:1)
  A giant cockroach (D:1)
  3 hobgoblins (D:1)
  4 kobolds (D:1)
  3 bats
  A frilled lizard (D:1)
  6 goblins
  2 rats (D:1)
24 creatures vanquished.

Notes
Turn   | Place    | Note
-------+----------+-------------------------------------------
     0 | D:1      | Conn the Octopode Hedge Wizard began the quest for the Orb.
     0 | D:1      | Reached XP level 1. HP: 11/11 MP: 4/4
   138 | D:1      | Reached XP level 2. HP: 17/17 MP: 6/6
   164 | D:1      | Learned a level 2 spell: Blink
   167 | D:1      | Learned a level 2 spell: Call Imp
   466 | D:1      | Reached XP level 3. HP: 17/21 MP: 8/8
   471 | D:1      | Learned a level 3 spell: Conjure Flame
   821 | D:2      | Noticed Robin
  1036 | D:1      | Slain by a hobgoblin

Illustrated notes

Levels and vault maps discovered:
D:1:      dpeg_arrival_oval, layout_basic
D:2:      layout_loops_ring, uniq_robin, uniq_crazy_yiuf_cottage

Skill      XL: |  1  2 |
---------------+-------+-----
Stealth        | 3 |  3.3
Short Blades   | |  0.5
Dodging        | |  2.3
Spellcasting   | |  3.5
Conjurations   | |  1.0
Summonings     | |  1.0
Translocations | |  1.0

Action                   || total
-------------------------++-------
Melee: Dagger            ||    56
       Constrict         ||    11
       Tentacles         ||     6
 Cast: Magic Dart        ||     7
       Blink             ||     1
 Stab: Sleeping          ||     9
Armor: Skin              ||    16
Dodge: Dodged            ||    48

Table legend: (Time is in decaauts)
 A = Elapsed time spent in this place.
 B = Non-inter-level travel time spent in this place.
 C = Inter-level travel time spent in this place.
 D = Time resting spent in this place.
 E = Time spent auto-exploring this place.
 F = Levels seen in this place.
 G = Mean time per level.
                   A        B        C        D        E       F      G
               +--------+--------+--------+--------+--------+-----+--------+
         Total |   1035 |    999 |     36 |    174 |    593 |   2 |  517.5 |
       Dungeon |   1035 |    999 |     36 |    174 |    593 |   2 |  517.5 |
               +--------+--------+--------+--------+--------+-----+--------+

Top non-repeatable levels by time:
     D:1: 996 daAuts
     D:2: 38 daAuts
